 Dungeon Crawl Stone Soup version 0.18.1-48-g4cf74bf (console) character file.

585496 Kloppie the Conqueror (level 27, -22/409 HPs)
             Began as a Hill Orc Berserker on July 2, 2016.
             Was the Champion of Trog.
             Annihilated by an ettin
             ... wielding a +0 dire flail
              (48 damage)
             ... on level 3 of the Realm of Zot.
             The game lasted 02:24:52 (57649 turns).

Kloppie the Conqueror (Hill Orc Berserker)         Turns: 57649, Time: 02:24:53

Health: -22/409    AC: 36    Str: 31    XL:     27
Magic:  34/34      EV: 22    Int:  7    God:    Trog [******]
Gold:   5168       SH: 11    Dex: 22    Spells: 0 memorised, 26 levels left

rFire  + + .     SeeInvis +     K - +7 broad axe {chop, rF+ rC+}
rCold  + . .     Gourm    .     x - +8 storm dragon armour
rNeg   + . .     Faith    .     v - +1 buckler of Refuge {rPois Regen+ Str+2 Stlth-}
rPois  +         Spirit   .     I - +0 hat {MR+}
rElec  +         Dismiss  .     S - +2 cloak "Reul" {MR+ rCorr}
rCorr  +         Reflect  +     d - +2 pair of gloves
SustAt .         Harm     .     z - +0 pair of boots "Jeucram" {*Corrode MR+++ Regen+ Dex+3}
MR     +++++                    Q - +4 amulet of reflection
Stlth  ..........               Y - ring of Shadows {Umbra +Inv rN+ SInv}
                                o - ring "Ocomido" {rElec rF+ MR+}

@: berserking, corroded, regenerating, slowed, wreathed by umbra, almost
entirely resistant to hostile enchantments, extremely unstealthy
A: antennae 2, claws 1, talons 1, poison resistance, sturdy frame 1
a: Berserk, Trog's Hand, Brothers in Arms, Burn Spellbooks, Renounce Religion,
Evoke Invisibility
}: 3/15 runes: serpentine, barnacled, silver


You were on level 3 of the Realm of Zot.
You worshipped Trog.
Trog was exalted by your worship.
You were not hungry.

You visited 9 branches of the dungeon, and saw 50 of its levels.
You also visited: Labyrinth, Bailey and Ice Cave.

You collected 6824 gold pieces.
You spent 1656 gold pieces at shops.

Inventory:

Hand Weapons
 a - a +3 vampiric broad axe
 b - a +5 antimagic broad axe
 K - the +7 broad axe of Evolution (weapon) {chop, rF+ rC+}
   (You found it on level 3 of the Elven Halls)

   It inflicts extra damage upon your enemies.
   It protects you from fire.
   It protects you from cold.
Armour
 d - a +2 pair of gloves (worn)
 p - the +3 warlock's mirror {reflect}
   (You bought it in a shop on level 9 of the Dungeon)
 v - the +1 buckler of Refuge (worn) {rPois Regen+ Str+2 Stlth-}
   (You found it on level 1 of the Depths)

   It affects your strength (+2).
   It protects you from poison.
   It increases your rate of regeneration.
   It makes you less stealthy.
 x - a +8 storm dragon armour (worn)
 z - the +0 pair of boots "Jeucram" (worn) {*Corrode MR+++ Regen+ Dex+3}
   (You bought it in a shop on level 2 of the Snake Pit)

   It affects your dexterity (+3).
   It affects your resistance to hostile enchantments.
   It increases your rate of regeneration.
   It may corrode you when you take damage.
 I - a +0 hat of magic resistance (worn)
 S - the +2 cloak "Reul" (worn) {MR+ rCorr}
   (You found it on level 4 of the Lair of Beasts)

   It affects your resistance to hostile enchantments.
   It protects you from acid and corrosion.
Jewellery
 o - the ring "Ocomido" (left hand) {rElec rF+ MR+}
   (You took it off an ironbrand convoker on level 5 of the Vaults)

   [ring of protection from fire]

   It protects you from fire.
   It insulates you from electricity.
   It affects your resistance to hostile enchantments.
 C - the ring "Eraar" {rN++ MP-9 Int+5 Dex+2}
   (You found it on level 5 of the Vaults)

   [ring of dexterity]

   It affects your intelligence (+5).
   It affects your dexterity (+2).
   It greatly protects you from negative energy.
   It affects your magic capacity (-9).
 M - a +5 ring of protection
 Q - a +4 amulet of reflection (around neck)
 Y - the ring of Shadows (right hand) {Umbra +Inv rN+ SInv}
   (You found it on level 14 of the Dungeon)

   [ring of positive energy]

   It protects you from negative energy.
   It lets you see invisible.
   It lets you turn invisible.
Wands
 s - a wand of teleportation (4/9)
 y - a wand of digging (23/24)
 A - a wand of hasting (4/9)
 V - a wand of heal wounds (4/9)
Scrolls
 e - 10 scrolls of recharging
 g - 2 scrolls of fear
 i - 5 scrolls of identify
 m - a scroll of magic mapping
 r - 21 scrolls of remove curse
 t - 10 scrolls of teleportation
 u - 4 scrolls of enchant weapon
 D - 7 scrolls of blinking
 F - a scroll of brand weapon
 J - a scroll of holy word
 N - 6 scrolls of fog
 T - a scroll of summoning
Potions
 f - 3 potions of cure mutation
 k - 2 potions of cancellation
 l - 8 potions of agility
 q - 20 potions of curing
 w - a potion of resistance
 B - 5 potions of invisibility
 G - 6 potions of heal wounds
 H - 5 potions of haste
 P - 5 potions of might
 U - 8 potions of flight
Miscellaneous
 j - a legendary deck of summoning
 n - a box of beasts
Comestibles
 c - 17 bread rations
 h - 11 slices of pizza
 L - 4 meat rations
 O - 13 beef jerkies


   Skills:
 O Level 27 Fighting
 + Level 26.1 Axes
 + Level 26.3 Armour
 - Level 13.8 Dodging
 - Level 4.2 Shields
 - Level 14.9 Evocations


You had 26 spell levels left.
You didn't know any spells.

Dungeon Overview and Level Annotations

Branches:
Dungeon (15/15)            Temple (0/1) D:7            Lair (8/8) D:9
 Shoals (4/4) Lair:6        Snake (4/4) Lair:6        Slime (0/6) Lair:6
    Orc (2/2) D:9             Elf (3/3) Orc:2        Vaults (5/5) D:14
  Crypt (0/3) Vaults:3     Depths (5/5) D:15            Zot (4/5) Depths:5

Altars:
Ashenzari
Elyvilon
Fedhas
Gozag
Kikubaaqudgha
Makhleb
Nemelex Xobeh
Okawaru
Pakellas
Qazlal
Ru
Sif Muna
Trog
Vehumet
Xom
Yredelemnul
Zin
Beogh
Jiyva

Shops:
D:5 *   D:8 [   D:9 [   D:13 }   Orc:2 %=(*   Elf:2 %   Elf:3 %   Shoals:1 }
Snake:2 [%   Vaults:3 (?   Vaults:5 }

Portals:
Hell: Depths:1 Depths:2 Depths:3 Depths:4 Depths:5
Abyss: Depths:4 Depths:5
Pandemonium: Depths:1 Depths:3 Depths:4
Ziggurat: Depths:3

Annotations:
D:5 exclusion: statue


Innate Abilities, Weirdness & Mutations

You have a pair of antennae on your head.
You have sharp fingernails.
You have sharp toenails.
Your system is resistant to poisons.
Your movements are slightly less encumbered by armour (ER -2).


Message History

* * * LOW HITPOINT WARNING * * *
You hold your ground!
You barely miss the bone dragon.
The bone dragon is moderately damaged.
You slice the frost giant!!
You kill the frost giant!
Trog accepts your kill. Something appears at your feet! Trog grants you a gift!
Trog appreciates your killing of a magic user.
You hit the ettin.
The ettin is heavily wounded.
You slice the death cob!!
The death cob is heavily damaged.
The death cob completely misses you.
The death cob hits you but does no damage.
The ettin hits you with a dire flail!!!
* * * LOW HITPOINT WARNING * * *
The ettin hits you with a dire flail!!!
You die...

# ##.......#
#...........## #
####..### #############
# #..# #### #..# #..##
#†.# #...## #..#
##...######..##########
#######
##...........z.D.....#
#......
##..........C@y.....#
#......
####################
#######


You could see a bone dragon, a death cob, an ettin (berserk) and a moth of
wrath.

Vanquished Creatures
  Mennas (Vaults:4)
  Boris (twice) (Vaults:2 Depths:3)
  A curse toe (Zot:3)
  Norris (Vaults:2)
  9 golden dragons
  Jory (Vaults:3)
  The ghost of Kloppie the Slayer, an adept MiGl of Yredelemnul (Vaults:5)
  2 electric golems (Zot:2)
  11 tentacled monstrosities
  Rupert (Lair:8)
  Asterion (Snake:1)
  The ghost of dricus the Bludgeoner, an adept MiBe of Trog (Snake:4)
  4 deep elf blademasters
  2 quicksilver dragons
  2 liches
  7 titans
  2 deep elf master archers (Elf:3)
  A sphinx (shapeshifter) (Vaults:1)
  5 death cobs
  A kraken (Shoals:1)
  4 sphinxes
  5 tengu reavers
  5 shadow dragons
  Ilsuiw (Shoals:4)
  15 storm dragons
  An azure jelly (shapeshifter) (Vaults:2)
  12 greater nagas
  5 fire giants
  The ghost of GFox the Severer, a journeyman MiMo of the Shining One (Depths:1)
  2 draconian monks
  5 draconian knights
  2 draconian scorchers
  An iron dragon (Vaults:5)
  Maud (D:10)
  9 frost giants
  Aizul (Snake:1)
  A balrug (Depths:2)
  7 deep elf sorcerers
  24 vault wardens
  3 orc warlords
  2 draconian zealots (Zot:3)
  2 cacodemons
  19 ironheart preservers
  3 draconian shifters
  17 stone giants
  A war gargoyle (Vaults:4)
  20 very ugly things
  8 deep elf elementalists
  A spriggan defender (Depths:4)
  2 draconian annihilators
  Azrael (Elf:2)
  7 green draconians
  2 vampire knights
  2 salamander stormcallers
  2 draconian callers
  5 deep elf demonologists
  2 large abominations (Elf:3)
  15 deep elf annihilators
  4 red draconians
  2 yellow draconians
  4 spark wasps
  7 white draconians
  4 black draconians
  3 mottled draconians
  9 purple draconians
  Snorg (D:14)
  The ghost of r0y the Basher, a journeyman MiBe of Trog (Lair:1)
  A minotaur (Lab)
  6 merfolk impalers
  5 merfolk javelineers (Shoals:4)
  9 ettins
  10 deep elf death magi
  44 vault guards
  11 yaktaur captains
  5 entropy weavers
  14 fire dragons
  9 deep elf high priests
  A rakshasa (Vaults:2)
  7 hydras
  The ghost of GordonOverkill the Basher, a journeyman DsBe of Trog (Bailey)
  A caustic shrike simulacrum (Depths:3)
  9 ice dragons
  A great orb of eyes (shapeshifter) (Depths:5)
  A death knight (Vaults:1)
  16 naga warriors
  2 spriggan air magi
  17 ogre magi
  4 great orbs of eyes
  A catoblepas (Lair:8)
  13 centaur warriors
  10 anacondas
  The ghost of loom the Basher, a novice MiFi of Okawaru (D:8)
  23 dancing weapons
  An orc high priest (Orc:2)
  6 merfolk aquamancers
  4 deep troll shamans
  2 vampire magi
  13 death yaks
  4 spriggan berserkers
  2 tengu warriors
  10 shock serpents
  A hell hog (shapeshifter) (D:14)
  14 naga sharpshooters
  5 deep troll earth magi
  Urug (Lair:3)
  2 small abominations (Elf:3)
  A titan zombie (Vaults:5)
  The ghost of loom the Grappler, a novice TrMo of the Shining One (Bailey)
  24 deep elf knights
  Nergalle (Lair:4)
  A storm dragon zombie (Vaults:4)
  A fire crab (shapeshifter) (Elf:3)
  2 iron trolls (Depths:3)
  33 deep trolls
  An iron giant skeleton (Depths:3)
  A shadow wraith (Vaults:2)
  2 salamander mystics
  3 fire crabs
  3 unseen horrors
  3 skeletal warriors (Vaults:2)
  2 giant orange brains
  9 sea snakes
  6 wizards
  21 ironbrand convokers
  A flayed ghost (Depths:2)
  A torturous demonspawn (Depths:4)
  26 orc knights
  9 naga ritualists
  A golden dragon skeleton (Depths:2)
  A lindwurm (Lair:8)
  27 harpies
  11 mana vipers
  A tengu zombie (Vaults:1)
  15 deep elf archers
  11 hill giants
  6 necromancers
  4 wolf spiders
  3 phantasmal warriors
  A hornet (shapeshifter) (Vaults:2)
  82 deep elf magi
  4 orc sorcerers
  A human zombie (Vaults:4)
  38 ugly things
  An oklob plant (Lair:8)
  9 griffons
  7 salamanders
  4 manticores
  A stone giant zombie (Depths:2)
  13 cyclopes
  4 hornets
  8 fauns
  A tengu skeleton (Depths:3)
  A wolf spider zombie (D:15)
  2 centaur zombies
  7 moths of wrath
  A manticore (shapeshifter) (Vaults:3)
  9 elephants (Lair:8)
  2 salamanders (shapeshifter)
  15 vault sentinels
  An elephant (shapeshifter) (Elf:3)
  An octopode (shapeshifter) (Elf:2)
  A black mamba (shapeshifter) (Vaults:2)
  5 sirens
  A water nymph (Shoals:4)
  2 human skeletons (Vaults:1)
  28 black mambas
  A guardian serpent (Snake:2)
  A titan simulacrum (Depths:3)
  A gargoyle (D:14)
  20 naga magi
  18 spiny frogs
  3 rime drakes
  2 storm dragon simulacra (Vaults:5)
  An orange demon (Depths:4)
  2 kobold demonologists
  12 komodo dragons
  3 tengu conjurers
  2 komodo dragons (shapeshifter)
  2 efreet (D:14)
  35 yaktaurs
  A salamander skeleton (Vaults:5)
  2 hellwings
  6 freezing wraiths
  12 trolls
  2 ice devils
  The ghost of Vincendra the Shield-Bearer, an amateur MiFi of Ru (D:4)
  A jumping spider (shapeshifter) (Vaults:2)
  A polar bear (Lair:8)
  A jumping spider (Depths:2)
  28 two-headed ogres
  A red devil (Depths:2)
  A queen bee (shapeshifter) (Vaults:3)
  21 merfolk
  A wind drake (Shoals:4)
  A wind drake (shapeshifter) (Vaults:5)
  10 blink frogs
  5 boulder beetles
  7 snapping turtles
  31 slime creatures
  9 redbacks
  2 tarantellas
  2 shadows
  A ynoxinul (Depths:3)
  A redback (shapeshifter) (Vaults:1)
  12 water elementals
  7 air elementals
  2 ettin skeletons (Vaults:4)
  A tarantella (shapeshifter) (Vaults:1)
  3 wyverns
  6 basilisks
  A fire bat (shapeshifter) (Vaults:3)
  34 yaks
  A hippogriff (shapeshifter) (Depths:2)
  A basilisk (shapeshifter) (Depths:4)
  13 hippogriffs
  3 fire elementals (Elf:2)
  A neqoxec (Depths:3)
  3 steam dragons
  2 mottled dragons
  41 nagas
  10 vampire mosquitoes
  13 wargs
  Menkaure (D:7)
  A soldier ant (D:13)
  25 water moccasins
  A soldier ant (shapeshifter) (Depths:4)
  Duvessa (D:7)
  6 hell hounds (Elf:2)
  22 porcupines
  82 orc warriors
  10 sky beasts
  12 ice beasts
  A wasp (D:14)
  2 elephant zombies (Lair:4)
  An ice beast (shapeshifter) (D:14)
  2 black bears
  2 ettin simulacra
  An eye of draining (shapeshifter) (Vaults:2)
  56 ogres
  5 phantoms
  A tengu (shapeshifter) (Depths:1)
  An eye of draining (D:13)
  35 wolves
  13 boggarts
  6 crocodiles
  30 centaurs
  A yaktaur zombie (Vaults:1)
  19 giant frogs
  2 big kobolds
  3 gnoll sergeants
  A wyvern zombie (D:9)
  An elf simulacrum (Vaults:1)
  4 earth elementals (Elf:2)
  Dowan (D:7)
  A water moccasin zombie (D:5)
  3 scorpions
  2 water moccasin skeletons
  18 killer bees
  6 wights
  5 electric eels
  2 howler monkeys
  3 jellies
  11 crimson imps
  4 quasits
  31 orc priests
  2 basilisk zombies (Lair:4)
  25 orc wizards
  5 hounds
  4 centaur skeletons
  2 giant frog skeletons
  4 iron imps
  7 iguanas
  17 worker ants
  Ijyb (D:3)
  26 sheep
  A crocodile zombie (Lair:4)
  2 hound skeletons (D:10)
  Robin (D:2)
  25 gnolls
  21 adders
  70 river rats
  2 shadow imps (Depths:4)
  A white imp (Depths:4)
  An ufetubus (Depths:4)
  3 oozes
  An adder zombie (D:6)
  An adder skeleton (D:4)
  2 worms
  2 dart slugs
  6 giant geckos
  160 orcs
  3 giant cockroaches
  31 hobgoblins
  2 jackals
  5 quokkas
  3 ball pythons (Snake:2)
  7 bats
  A giant gecko skeleton (D:4)
  4 giant newts
  22 goblins
  16 kobolds
  2 rats
  4 crawling corpses
  2 fire vortices (Vaults:2)
  6 fungi
  17 plants
  A spectral weapon (Snake:1)
  3 tentacles (Shoals:1)
2437 creatures vanquished.

Vanquished Creatures (collateral kills)
  Mara (Depths:3)
  2 deep troll shamans (Depths:3)
  A deep troll (Depths:3)
  A harpy (Shoals:4)
  A komodo dragon (Lair:3)
  A death yak simulacrum (IceCv)
  3 killer bees (D:9)
  An orc priest (D:9)
  6 orcs (D:9)
17 creatures vanquished.

Vanquished Creatures (others)
  A draconian knight (Zot:3)
  A deep elf sorcerer (Elf:3)
  A deep elf elementalist (Elf:3)
  2 merfolk javelineers
  2 yaktaur captains (Vaults:5)
  A hydra (D:15)
  A satyr (Shoals:2)
  An ogre mage (Vaults:3)
  A deep elf knight (Elf:2)
  A hill giant (D:14)
  An ironbrand convoker (Vaults:3)
  5 deep elf archers
  A sphinx zombie (Vaults:4)
  A deep elf mage (Elf:1)
  A faun (Shoals:2)
  6 yaktaurs
  A two-headed ogre (Depths:1)
  A ynoxinul (Depths:4)
  2 orc warriors (Orc:2)
  An eye of draining (D:14)
  2 ogres
  A boggart (Vaults:2)
  3 centaurs
  2 orcs (Orc:2)
  3 bushes
  30 fungi
  15 plants
  7 tentacles (Shoals:1)
  295 tentacle segments (Shoals:1)
390 creatures vanquished.

Grand Total: 2844 creatures vanquished

Notes
Turn   | Place    | Note
--------------------------------------------------------------
     0 | D:1      | Kloppie the Hill Orc Berserker began the quest for the Orb.
     0 | D:1      | Reached XP level 1. HP: 19/19 MP: 1/1
   153 | D:1      | Reached XP level 2. HP: 27/27 MP: 2/2
   638 | D:2      | Found a stormy altar of Qazlal.
   693 | D:2      | Reached XP level 3. HP: 33/33 MP: 3/3
   715 | D:2      | Found a sacrificial altar of Ru.
   804 | D:2      | Reached ** piety under Trog
   827 | D:2      | Reached skill level 4 in Fighting
   837 | D:2      | Reached skill level 5 in Axes
  1026 | D:2      | Noticed Robin
  1035 | D:2      | Killed Robin
  1062 | D:2      | Reached XP level 4. HP: 31/40 MP: 4/4
  1722 | D:3      | Found a blossoming altar of Fedhas.
  1926 | D:3      | Reached *** piety under Trog
  1926 | D:3      | Reached XP level 5. HP: 47/47 MP: 5/5
  2262 | D:3      | Found an iron altar of Okawaru.
  2556 | D:3      | Reached XP level 6. HP: 36/55 MP: 6/6
  2668 | D:3      | Noticed Ijyb
  2684 | D:3      | Killed Ijyb
  2684 | D:3      | Reached skill level 5 in Fighting
  2717 | D:4      | Noticed Vincendra's ghost (amateur MiFi)
  2827 | D:4      | Killed Vincendra's ghost
  2827 | D:4      | Reached XP level 7. HP: 61/61 MP: 7/7
  3402 | D:4      | Reached skill level 6 in Fighting
  3410 | D:4      | Found a blossoming altar of Fedhas.
  3453 | D:4      | Found a shimmering altar of Xom.
  3481 | D:4      | Reached **** piety under Trog
  3760 | D:5      | Entered Level 5 of the Dungeon
  3761 | D:5      | Noticed a wyvern
  3776 | D:5      | Killed a wyvern
  3776 | D:5      | Reached skill level 5 in Armour
  3776 | D:5      | Reached XP level 8. HP: 45/71 MP: 8/8
  4079 | D:5      | Found a radiant altar of Vehumet.
  4201 | D:5      | Found a basalt altar of Yredelemnul.
  4286 | D:5      | Reached skill level 10 in Axes
  4396 | D:5      | Found Ylockaxe's Assorted Antiques.
  4416 | D:5      | Bought a scroll labeled HUXTIH UFIUFI for 22 gold pieces
  4416 | D:5      | Bought a scroll labeled GAKLIN LASOGO for 22 gold pieces
  4416 | D:5      | Bought a scroll labeled HUXTIH UFIUFI for 22 gold pieces
  4416 | D:5      | Bought a fizzy white potion for 19 gold pieces
  4416 | D:5      | Bought a viscous puce potion for 19 gold pieces
  4416 | D:5      | Bought a large tourmaline ring for 110 gold pieces
  4493 | D:5      | Found a burning altar of Makhleb.
  4527 | D:5      | Reached skill level 7 in Fighting
  4571 | D:6      | Found an oddly glowing altar of Pakellas.
  4588 | D:6      | Found a white marble altar of Elyvilon.
  4827 | D:6      | Found a bloodstained altar of Trog.
  4960 | D:6      | Reached XP level 9. HP: 49/79 MP: 9/9
  5031 | D:6      | Found a basalt altar of Yredelemnul.
  5397 | D:6      | Found an opulent altar of Gozag.
  5676 | D:7      | Found a staircase to the Ecumenical Temple.
  5815 | D:7      | Noticed Menkaure
  5827 | D:7      | Killed Menkaure
  5827 | D:7      | Reached skill level 1 in Shields
  5997 | D:7      | Reached skill level 8 in Fighting
  6037 | D:7      | Found a sparkling altar of Nemelex Xobeh.
  6246 | D:7      | Noticed Duvessa
  6247 | D:7      | Noticed Dowan
  6250 | D:7      | Killed Duvessa
  6270 | D:7      | Killed Dowan
  6624 | D:8      | Noticed a hill giant
  6635 | D:8      | Killed a hill giant
  6692 | D:8      | Reached XP level 10. HP: 49/90 MP: 10/10
  6842 | D:8      | Found a glowing silver altar of Zin.
  6844 | D:8      | Noticed loom's ghost (novice MiFi)
  6870 | D:8      | Killed loom's ghost
  6870 | D:8      | Reached skill level 9 in Fighting
  6962 | D:8      | Found a deep blue altar of Sif Muna.
  7263 | D:8      | Found Peutsiff's Antique Armour Shoppe.
  7350 | D:8      | Bought an embroidered cloak for 121 gold pieces
  7617 | D:9      | Found a staircase to the Orcish Mines.
  7617 | D:9      | Found Wuew's Armour Shoppe.
  7716 | D:8      | Reached ***** piety under Trog
  8109 | D:9      | Found a staircase to the Lair.
  8278 | D:9      | Found a roughly hewn altar of Beogh.
  8362 | D:9      | Received a gift from Trog
  8990 | D:10     | Entered Level 10 of the Dungeon
  9016 | D:9      | Reached skill level 10 in Fighting
  9138 | D:10     | Reached XP level 11. HP: 85/99 MP: 11/11
  9508 | D:10     | Noticed a hill giant
  9528 | D:10     | Killed a hill giant
  9528 | D:10     | Reached skill level 15 in Axes
  9618 | D:10     | Noticed Maud
  9646 | D:10     | Killed Maud
  9837 | D:10     | Noticed an unseen horror
  9856 | D:10     | Killed an unseen horror
 10100 | D:11     | Noticed a hill giant
 10109 | D:11     | Killed a hill giant
 10109 | D:11     | Reached skill level 11 in Fighting
 10229 | D:11     | Received a gift from Trog
 10247 | D:11     | Reached skill level 10 in Armour
 10473 | D:9      | Bought the +3 warlock's mirror {reflect} for 285 gold pieces
 10511 | Lair:1   | Entered Level 1 of the Lair of Beasts
 10694 | Lair:1   | Reached XP level 12. HP: 65/110 MP: 2/12
 11505 | Lair:1   | Noticed r0y's ghost (journeyman MiBe)
 11542 | Lair:1   | Killed r0y's ghost
 12008 | Lair:2   | Reached skill level 12 in Fighting
 12045 | Lair:2   | Found a frozen archway.
 12079 | IceCv    | Entered an ice cave
 12079 | IceCv    | Noticed dricus's ghost (journeyman MiBe)
 12285 | Lair:2   | Gained mutation: Your movements are slightly less encumbered by armour (ER -2). [potion of beneficial mutation]
 12286 | Lair:2   | Gained mutation: You have a pair of small antennae on your head. [potion of beneficial mutation]
 13616 | Lair:3   | Noticed Urug
 13653 | Lair:3   | Killed Urug
 13831 | Lair:3   | Reached XP level 13. HP: 100/119 MP: 4/13
 14093 | Lair:4   | Reached skill level 13 in Fighting
 14118 | Lair:4   | Got a spiked cloak
 14130 | Lair:4   | Identified the +2 cloak "Reul" {MR+ rCorr} (You found it on level 4 of the Lair of Beasts)
 14136 | Lair:4   | Found a blossoming altar of Fedhas.
 14412 | Lair:4   | Noticed Nergalle
 14425 | Lair:4   | Killed Nergalle
 15601 | Lair:5   | Reached skill level 14 in Fighting
 16498 | Lair:6   | Found a staircase to the Snake Pit.
 17128 | Lair:6   | Found a staircase to the Slime Pits.
 17129 | Lair:6   | Found a viscous altar of Jiyva.
 17295 | Lair:6   | Reached skill level 15 in Fighting
 17505 | Lair:6   | Found a staircase to the Shoals.
 17895 | Lair:7   | Received a gift from Trog
 17942 | Lair:7   | Reached XP level 14. HP: 132/135 MP: 4/14
 18511 | Lair:7   | Gained mutation: Your system is resistant to poisons. [potion of beneficial mutation]
 19243 | Orc:1    | Entered Level 1 of the Orcish Mines
 19245 | Orc:1    | Noticed an orc warlord
 19266 | Orc:1    | Killed an orc warlord
 19661 | Orc:2    | Entered Level 2 of the Orcish Mines
 19702 | Orc:2    | Found a labyrinth entrance.
 19712 | Lab      | Entered a labyrinth
 19933 | Lab      | Reached skill level 16 in Fighting
 19960 | Orc:2    | Received a gift from Trog
 20306 | Orc:2    | Reached ****** piety under Trog
 20413 | Orc:2    | Received a gift from Trog
 20746 | Orc:2    | Reached skill level 15 in Armour
 21218 | Orc:2    | Found a staircase to the Elven Halls.
 21609 | Orc:2    | Found Aravublat's Antique Weapon Emporium.
 21609 | Orc:2    | Found Banem's Jewellery Boutique.
 21611 | Orc:2    | Found Kowu Modoz's Food Shop.
 21613 | Orc:2    | Found Gaxt's General Store.
 21755 | Orc:1    | Noticed an orc warlord
 21858 | Orc:2    | Killed an orc warlord
 21858 | Orc:2    | Received a gift from Trog
 22351 | Lair:8   | Entered Level 8 of the Lair of Beasts
 22370 | Lair:8   | Noticed Rupert
 22391 | Lair:8   | Killed Rupert
 22391 | Lair:8   | Reached skill level 17 in Fighting
 22647 | Lair:8   | Reached XP level 15. HP: 120/147 MP: 15/15
 22773 | Lair:8   | Received a gift from Trog
 23639 | Lair:8   | Reached skill level 18 in Fighting
 25291 | D:12     | Received a gift from Trog
 25722 | D:13     | Reached skill level 5 in Dodging
 25754 | D:13     | Found a white marble altar of Elyvilon.
 25803 | D:13     | Found Irigh's Gadget Boutique.
 25825 | D:13     | Bought a legendary deck of summoning for 338 gold pieces
 26423 | D:14     | Found an oddly glowing altar of Pakellas.
 26478 | D:14     | Found a flagged portal.
 26591 | Bailey   | Entered a bailey
 26784 | Bailey   | Noticed an orc warlord
 26791 | Bailey   | Noticed GordonOverkill's ghost (journeyman DsBe)
 26810 | Bailey   | Killed an orc warlord
 26815 | Bailey   | Killed GordonOverkill's ghost
 26915 | Bailey   | Gained mutation: You have sharp fingernails. [potion of beneficial mutation]
 26916 | Bailey   | Gained mutation: You have a pair of antennae on your head. [potion of beneficial mutation]
 26922 | Bailey   | Noticed loom's ghost (novice TrMo)
 26945 | Bailey   | Killed loom's ghost
 26945 | Bailey   | Reached XP level 16. HP: 148/157 MP: 16/16
 26954 | Bailey   | Received a gift from Trog
 27251 | D:14     | Noticed Snorg
 27270 | D:14     | Killed Snorg
 27340 | D:14     | Received a gift from Trog
 28003 | D:14     | Received a gift from Trog
 28524 | D:14     | Found a gate to the Vaults.
 28950 | Snake:1  | Entered Level 1 of the Snake Pit
 29670 | Snake:1  | Noticed Asterion
 29717 | Snake:1  | Killed Asterion
 30084 | Snake:1  | Noticed Aizul
 30101 | Snake:1  | Killed Aizul
 30101 | Snake:1  | Reached skill level 10 in Dodging
 30660 | Snake:1  | Reached XP level 17. HP: 144/165 MP: 17/17
 31213 | Snake:2  | Found Sirolitwu's Food Shop.
 31362 | Snake:2  | Identified a scroll of acquirement
 31363 | Snake:2  | Got a crude battleaxe
 31364 | Snake:2  | Identified the +8 battleaxe of Dishonour {freeze, +Inv rPois Int+2} (You acquired it on level 2 of the Snake Pit)
 31863 | Snake:2  | Found Opallo's Antique Armour Shop.
 31884 | Snake:2  | Bought a pair of heavily runed boots for 209 gold pieces
 31884 | Snake:2  | Identified the +0 pair of boots "Jeucram" {*Corrode MR+++ Regen+ Dex+3} (You bought it in a shop on level 2 of the Snake Pit)
 32375 | Snake:2  | Found a runed gate.
 32376 | Snake:2  | Found a runed gate.
 32376 | Snake:2  | Found a runed gate.
 32618 | Snake:3  | Received a gift from Trog
 32773 | Snake:3  | Reached skill level 19 in Fighting
 33590 | Snake:4  | Entered Level 4 of the Snake Pit
 33769 | Snake:4  | Noticed dricus's ghost (adept MiBe)
 33819 | Snake:4  | Killed dricus's ghost
 34287 | Snake:4  | Reached XP level 18. HP: 153/176 MP: 18/18
 34444 | Snake:4  | Received a gift from Trog
 34686 | Snake:4  | Received a gift from Trog
 35073 | Snake:4  | Got a serpentine rune of Zot
 35559 | Vaults:1 | Entered Level 1 of the Vaults
 35575 | Vaults:1 | Reached skill level 20 in Fighting
 35740 | Vaults:1 | Received a gift from Trog
 36351 | Vaults:1 | Received a gift from Trog
 36352 | Vaults:1 | Got a scorched battleaxe {god gift}
 36353 | Vaults:1 | Identified the +6 battleaxe of Mastery {chop, +Inv rElec rF-} (Trog gifted it to you on level 1 of the Vaults)
 36387 | Vaults:1 | Reached XP level 19. HP: 180/187 MP: 2/19
 37090 | Vaults:1 | Received a gift from Trog
 37626 | Vaults:2 | Received a gift from Trog
 37633 | Vaults:2 | Noticed Boris
 37670 | Vaults:2 | Killed Boris
 37900 | Vaults:2 | Reached XP level 20. HP: 195/195 MP: 20/20
 38045 | Vaults:2 | Received a gift from Trog
 38310 | Vaults:2 | Reached skill level 1 in Evocations
 38440 | Vaults:2 | Noticed Norris
 38461 | Vaults:2 | Killed Norris
 38626 | Vaults:2 | Reached skill level 5 in Evocations
 38742 | Vaults:2 | Reached skill level 21 in Fighting
 38856 | Vaults:2 | Received a gift from Trog
 38893 | Vaults:3 | Found Etasoas's Antique Weapon Boutique.
 39272 | Vaults:3 | Received a gift from Trog
 39314 | Vaults:3 | Got a dazzling battleaxe {god gift}
 39315 | Vaults:3 | Identified the +3 battleaxe "Fisek" {venom, Str+2 Stlth+} (Trog gifted it to you on level 3 of the Vaults)
 39364 | Vaults:3 | Found Ocaki's Magic Scroll Emporium.
 39377 | Vaults:3 | Bought a scroll of enchant weapon for 105 gold pieces
 39429 | Vaults:3 | Reached XP level 21. HP: 205/205 MP: 27/27
 39434 | Vaults:3 | Noticed Jory
 39471 | Vaults:3 | Killed Jory
 39581 | Vaults:3 | Reached skill level 10 in Evocations
 39986 | Vaults:3 | Received a gift from Trog
 40267 | Vaults:3 | Found a staircase to the Crypt.
 40267 | Vaults:3 | Found an ancient bone altar of Kikubaaqudgha.
 40274 | Vaults:3 | Found a basalt altar of Yredelemnul.
 40603 | Vaults:4 | Received a gift from Trog
 40637 | Vaults:4 | Reached skill level 22 in Fighting
 40647 | Vaults:4 | Gained mutation: You have sharp toenails. [potion of beneficial mutation]
 41622 | Vaults:4 | Received a gift from Trog
 42321 | Elf:1    | Entered Level 1 of the Elven Halls
 42793 | Elf:1    | Reached XP level 22. HP: 217/217 MP: 31/31
 42979 | Elf:1    | Received a gift from Trog
 43611 | Elf:2    | Found a huge runed gate.
 43611 | Elf:2    | Found a huge runed gate.
 43611 | Elf:2    | Found a huge runed gate.
 43611 | Elf:2    | Found a huge runed gate.
 43611 | Elf:2    | Found a huge runed gate.
 43790 | Elf:2    | Found Ulykueqi's Food Emporium.
 43885 | Elf:2    | Noticed Azrael
 43903 | Elf:2    | Killed Azrael
 44105 | Elf:2    | Received a gift from Trog
 44186 | Elf:2    | Reached skill level 23 in Fighting
 44563 | Elf:3    | Entered Level 3 of the Elven Halls
 44833 | Elf:3    | Found Afuzaos's Food Boutique.
 45128 | Elf:3    | Received a gift from Trog
 45407 | Elf:3    | Got a crystal spear {venom}
 45409 | Elf:3    | Identified the cursed +3 spear "Qaedyxki" {venom, +Rage Str+2} (You took it off a deep elf sorcerer on level 3 of the Elven Halls)
 45443 | Elf:3    | Got a distressingly furry plate armour
 45444 | Elf:3    | Identified the +10 plate armour of the Elephant {rPois Int+2 Stlth+} (You found it on level 3 of the Elven Halls)
 45446 | Elf:3    | Got a bloodstained broad axe
 45447 | Elf:3    | Identified the +7 broad axe of Evolution {chop, rF+ rC+} (You found it on level 3 of the Elven Halls)
 45513 | Elf:3    | Reached XP level 23. HP: 192/227 MP: 34/34
 45529 | Elf:3    | Got a twitching iron ring
 45530 | Elf:3    | Got a shimmering steam dragon armour
 45532 | Elf:3    | Identified the ring of Achez {rCorr rElec rN+} (You took it off a deep elf elementalist on level 3 of the Elven Halls)
 45533 | Elf:3    | Identified the cursed +0 steam dragon armour of Vlad {rElec rPois Str+7} (You took it off a deep elf annihilator on level 3 of the Elven Halls)
 46620 | Shoals:1 | Entered Level 1 of the Shoals
 46633 | Shoals:1 | Reached skill level 24 in Fighting
 46648 | Shoals:1 | Received a gift from Trog
 46774 | Shoals:1 | Found Qaugul's Gadget Shop.
 47297 | Shoals:4 | Entered Level 4 of the Shoals
 47332 | Shoals:4 | Noticed Ilsuiw
 47396 | Shoals:4 | Received a gift from Trog
 47453 | Shoals:4 | Killed Ilsuiw
 47883 | Shoals:4 | Got a barnacled rune of Zot
 48308 | Vaults:5 | Entered Level 5 of the Vaults
 48349 | Vaults:4 | Received a gift from Trog
 48398 | Vaults:4 | Reached skill level 25 in Fighting
 48404 | Vaults:5 | Noticed Mennas
 48462 | Vaults:5 | Reached XP level 24. HP: 240/242 MP: 34/34
 48572 | Vaults:4 | Killed Mennas
 48737 | Vaults:5 | Received a gift from Trog
 49116 | Vaults:5 | Found Woderch's Gadget Shoppe.
 49135 | Vaults:5 | Bought a wand of teleportation (4/9) for 384 gold pieces
 49209 | Vaults:5 | Got a faintly glowing brass ring
 49210 | Vaults:5 | Identified the ring "Eraar" {rN++ MP-9 Int+5 Dex+2} (You found it on level 5 of the Vaults)
 49605 | Vaults:5 | Reached skill level 26 in Fighting
 49607 | Vaults:5 | Got a shimmering silver ring
 49608 | Vaults:5 | Got a smoking broad axe {pain}
 49609 | Vaults:5 | Identified the ring "Ocomido" {rElec rF+ MR+} (You took it off an ironbrand convoker on level 5 of the Vaults)
 49610 | Vaults:5 | Identified the +5 broad axe of Gafaew {pain, rElec MR+ Int-4 SInv} (You took it off an ironbrand convoker on level 5 of the Vaults)
 49907 | Vaults:5 | Got a silver rune of Zot
 49981 | Vaults:5 | Noticed Kloppie's ghost (adept MiGl)
 50002 | Vaults:5 | Killed Kloppie's ghost
 50017 | Vaults:5 | Received a gift from Trog
 50217 | D:15     | Entered Level 15 of the Dungeon
 50437 | D:15     | Found a staircase to the Depths.
 51194 | Depths:1 | Entered Level 1 of the Depths
 51336 | Depths:1 | Found a gateway to Hell.
 51676 | Depths:1 | Found a one-way gate leading to the halls of Pandemonium.
 51691 | Depths:1 | Received a gift from Trog
 51691 | Depths:1 | Reached XP level 25. HP: 255/255 MP: 34/34
 51764 | Depths:1 | Got a jewelled buckler
 51765 | Depths:1 | Identified the +1 buckler of Refuge {rPois Regen+ Str+2 Stlth-} (You found it on level 1 of the Depths)
 51871 | Depths:1 | Noticed GFox's ghost (journeyman MiMo)
 51900 | Depths:1 | Killed GFox's ghost
 52746 | Depths:3 | Received a gift from Trog
 52797 | Depths:3 | Found a gateway to a ziggurat.
 52885 | Depths:3 | Found a runed door.
 52889 | Depths:3 | Found a runed door.
 52981 | Depths:3 | Noticed Boris
 52991 | Depths:3 | Reached skill level 27 in Fighting
 52996 | Depths:3 | Killed Boris
 53297 | Depths:3 | Received a gift from Trog
 53366 | Depths:3 | Noticed Mara
 53386 | Depths:3 | Noticed Kloppie's illusion
 53387 | Depths:3 | Killed Mara
 54280 | Depths:4 | Found a one-way gate to the infinite horrors of the Abyss.
 54420 | Depths:4 | Reached XP level 26. HP: 243/266 MP: 34/34
 54449 | Depths:4 | Got a scorched war axe
 54450 | Depths:4 | Identified the cursed +1 war axe "Widowermaker" {distort, rElec rPois MR+ Int+2 Stlth-} (You found it on level 4 of the Depths)
 54723 | Depths:4 | Received a gift from Trog
 54724 | Depths:4 | Got a slimy battleaxe {god gift}
 54725 | Depths:4 | Identified the +10 battleaxe of Conformity {freeze, rN+ Stlth+} (Trog gifted it to you on level 4 of the Depths)
 55022 | Depths:5 | Entered Level 5 of the Depths
 55199 | Depths:5 | Found a shattered altar of Ashenzari.
 55514 | Depths:5 | Found a gate to the Realm of Zot.
 55648 | Zot:1    | Entered Level 1 of the Realm of Zot
 55844 | Zot:1    | Received a gift from Trog
 55845 | Zot:1    | Got a polished war axe {god gift}
 55846 | Zot:1    | Identified the +10 war axe of the Hand {drain, +Inv Dex+5} (Trog gifted it to you on level 1 of the Realm of Zot)
 56864 | Zot:3    | Reached XP level 27. HP: 245/273 MP: 34/34
 57636 | Zot:4    | Noticed an ancient lich
 57649 | Zot:3    | Received a gift from Trog
 57649 | Zot:3    | Annihilated by an ettin

Skill      XL: |  1  2  3  4  5  6  7  8  9 10 11 12 13 14 15 16 17 18 19 20 21 22 23 24 25 26 27 |
---------------+----------------------------------------------------------------------------------+-----
Fighting       | 4 5 6 7 8 10 11 12 15 17 18 19 20 21 22 23 25 26 27 | 27.0
Axes           | 5 6 8 9 11 12 14 16 18 19 20 21 22 23 25 26 | 26.1
Armour         | 3 4 5 6 7 8 10 11 13 15 16 17 18 19 21 22 24 25 26 | 26.3
Shields        | 3 4 |  4.2
Dodging        | 6 10 13 | 13.8
Evocations     | 9 13 14 | 14.9

Action                   |  1- 3 |  4- 6 |  7- 9 | 10-12 | 13-15 | 16-18 | 19-21 | 22-24 | 25-27 || total
-------------------------+-------+-------+-------+-------+-------+-------+-------+-------+-------++-------
Melee: Hand axe          |   122 |   187 |   494 |   616 |       |       |       |       |       ||  1419
       War axe           |       |       |       |    91 |   829 |   542 |       |       |       ||  1462
       Broad axe         |       |       |       |   360 |   672 |   347 |  1898 |  2345 |  1489 ||  7111
       Flail             |       |       |       |       |    59 |       |       |       |       ||    59
       Battleaxe         |       |       |       |       |       |   636 |       |       |       ||   636
Invok: Berserk           |       |     3 |     4 |    11 |     9 |     3 |     2 |     2 |     1 ||    35
       Trog's Hand       |       |     1 |       |     7 |    12 |     8 |     5 |     7 |     5 ||    45
       Brothers in Arms  |       |       |       |     3 |       |       |       |     3 |     1 ||     7
 Abil: Evoke Invisibilit |       |       |       |       |       |       |       |     1 |       ||     1
Evoke: Wand              |       |       |     1 |       |       |       |     1 |       |       ||     2
  Use: Scroll            |       |     2 |    19 |    13 |     9 |    14 |     7 |    23 |     8 ||    95
       Potion            |       |       |     1 |     3 |     6 |     6 |     2 |       |       ||    18
 Stab: Petrified         |       |       |       |       |     8 |       |       |       |       ||     8
       Petrifying        |       |       |       |       |     1 |       |       |       |       ||     1
       Confused          |       |       |       |       |       |       |     1 |       |       ||     1
       Distracted        |       |       |       |       |       |       |       |     3 |     4 ||     7
       Invisible         |       |       |       |       |       |       |       |    18 |       ||    18
  Eat: Chunk             |       |     8 |    13 |    33 |    31 |    12 |    23 |    10 |    11 ||   141
       Meat ration       |       |       |     1 |     1 |     4 |     6 |     1 |     5 |     2 ||    20
       Beef jerky        |       |       |       |       |     1 |       |       |       |       ||     1
       Royal jelly       |       |       |       |       |       |       |       |       |     1 ||     1
Armor: Scale mail        |    12 |       |   101 |    18 |       |       |       |       |       ||   131
       Animal skin       |     3 |       |       |       |       |       |       |       |       ||     3
       Ring mail         |    37 |    72 |    61 |       |       |       |       |       |       ||   170
       Chain mail        |       |       |       |   390 |   674 |   424 |    73 |   200 |       ||  1761
       Plate armour      |       |       |       |       |       |    43 |   575 |   580 |       ||  1198
       Storm dragon armo |       |       |       |       |       |       |       |   234 |   692 ||   926
Dodge: Dodged            |    66 |    92 |   185 |   303 |   466 |   500 |   803 |  1555 |  1257 ||  5227
Block: Buckler           |       |       |    21 |   202 |   523 |   463 |  1038 |  1435 |   753 ||  4435
       Reflection        |       |       |       |     1 |    40 |    68 |   106 |   126 |    21 ||   362
       Other             |       |       |       |       |       |    65 |       |       |       ||    65
